 Dungeon Crawl Stone Soup version 0.30-a0-772-g5528072125 (webtiles) character file.

Game seed: 10242588167459592600

529 kingofthe the Conjurer (level 7, -9/41 HPs)
             Began as an Octopode Conjurer on Feb 12, 2023.
             Mangled by Pikel
             ... wielding a +2 whip of freezing
              (10 damage)
             ... on level 3 of the Dungeon.
             The game lasted 00:09:35 (4328 turns).

kingofthe the Conjurer (Octopode Conjurer)          Turns: 4328, Time: 00:09:35

Health: -9/41      AC:  1    Str:  7    XL:     7   Next: 23%
Magic:  0/12       EV: 14    Int: 20    God:
Gold:   190        SH:  5    Dex: 12    Spells: 10/13 levels left

rFire   . . .      SeeInvis .    f - +4 dagger
rCold   . . .      Faith    .    (no shield)
rNeg    . . .      Spirit   .    (helmet restricted)
rPois   +          Reflect  +    r - amulet of reflection
rElec   .          Harm     .    o - ring of poison resistance
rCorr   .          Rampage  .    (no ring)
Will    .....                    (no ring)
Stlth   ++++                     (no ring)
HPRegen 0.26/turn                (no ring)
MPRegen 0.13/turn                (no ring)
                                 (no ring)
                                 (no ring)

@: no status effects
A: almost no armour, amphibious, 8 rings, camouflage 1, gelatinous body 1,
(nimble swimmer 1), tentacles
a: no special abilities


You were on level 3 of the Dungeon.
You visited 1 branch of the dungeon, and saw 4 of its levels.

You collected 190 gold pieces.

Inventory:

Hand Weapons
 f - a +4 dagger (weapon)
 g - a +0 short sword of flaming
Magical Staves
 b - a staff of air
Jewellery
 o - a ring of poison resistance (left tentacle)
 r - an amulet of reflection (around mantle)
Scrolls
 c - a scroll of immolation {unknown}
 h - a scroll of poison {unknown}
 l - 5 scrolls of vulnerability {unknown}
 m - 2 scrolls of teleportation {unknown}
 n - a scroll of identify {unknown}
 p - a scroll of torment {unknown}
Potions
 a - a potion of magic
 d - a potion of might {unknown}
 e - 3 potions of resistance {unknown}
 i - 2 potions of curing {unknown}
 j - a potion of degeneration {unknown}
 k - a potion of cancellation {unknown}
 q - a potion of attraction {unknown}


   Skills:
 * Level 4.1 Dodging
 + Level 5.0 Stealth
 + Level 3.7 Spellcasting
 + Level 5.0 Conjurations
 * Level 3.0 Air Magic


You had 10 spell levels left.
You knew the following spells:

 Your Spells              Type           Power      Damage    Failure   Level
a - Magic Dart            Conj           92%        1d7       1%          1
b - Searing Ray           Conj           46%        2d6       2%          2

Your spell library contained the following spells:

 Spells                   Type           Power      Damage    Failure   Level
 Dazzling Flash           Conj/Hex       26%        N/A       14%         3
 Ensorcelled Hibernation  Hex/Ice        6%         N/A       21%         2
 Airstrike                Air            7%         2d(2-18)  36%         4
 Fulminant Prism          Conj/Hex       6%         3d7       43%         4
 Iskenderun's Mystic Bla  Conj/Tloc      13%        2d5       43%         4
 Summon Lightning Spire   Summ/Air       9%         N/A       56%         4
 Simulacrum               Ice/Necr       1%         N/A       100%        6


Dungeon Overview and Level Annotations

Branches:
Dungeon (4/15)
 Temple: D:4-7

Altars:

Annotations:
D:3 Pikel


Innate Abilities, Weirdness & Mutations

You cannot wear most types of armour.
You are amphibious.
You can wear up to eight rings at the same time.
Your skin changes colour to match your surroundings (Stealth+).
Your rubbery body absorbs attacks. (AC +1, EV +1)
((You are camouflaged when in or above water. (Stealth+)))
You have tentacles for arms and can constrict up to eight enemies at once.


Message History

Pikel misses you.
You climb upwards.
There is a stone staircase leading down here.
Casting: Searing Ray (safe; 2% risk of failure)
Confirm with . or Enter, or press ? or * to list all spells.
Aiming: Searing Ray (safe; 2% risk of failure)
Press: ? - help, Shift-Dir - straight line, f - Pikel
Aim: Pikel, wielding a +2 whip of freezing and wearing a +0 robe (moderately wounded, 72% to hit)
The searing ray hits Pikel.
Pikel is heavily wounded. (Press . to maintain the ray.) Pikel barely misses you.
The searing ray hits Pikel but does no damage.
Pikel is moderately wounded.
Pikel hits you with a +2 whip of freezing.
Pikel freezes you.
The searing ray misses Pikel.
Pikel misses you.
The searing ray hits Pikel.
Pikel is heavily wounded.
You finish channelling your searing ray.
Pikel hits you with a +2 whip of freezing!
Pikel freezes you.
Casting: Searing Ray (safe; 2% risk of failure)
Confirm with . or Enter, or press ? or * to list all spells.
Aiming: Searing Ray (safe; 2% risk of failure)
Press: ? - help, Shift-Dir - straight line, f/p - Pikel
Aim: Pikel, wielding a +2 whip of freezing and wearing a +0 robe (heavily wounded, 72% to hit)
The searing ray misses Pikel. (Press . to maintain the ray.) Pikel hits you with a +2 whip of freezing.
Pikel freezes you.
The searing ray misses Pikel.
Pikel hits you with a +2 whip of freezing!
* * * LOW HITPOINT WARNING * * *
Pikel freezes you.
* * * LOW HITPOINT WARNING * * *
The searing ray hits Pikel.
Pikel is heavily wounded.
Pikel hits you with a +2 whip of freezing!
You die...

#.....#########........# #.#
..[.............##.##..####.###
#...##.##.#.....##............#
#...##.##.#.....+......####.###
#...##.##.#.....#####.## #.#
#...##.##.#.....#####.# #.#
#...##.##.##..#.......# #.#
#...##.##.##..#######.#####.##
................@K...........#
#....#.##.##...........####.##
.......##.##..#######..# #.#
......<.........#####..# #>#
...#.#.#...............# #.#
.#.#[#.#.###....#####..# #.#
................#####..####.#
.....#.#.###................#
.....#.#.###...######..####.#


You could see Pikel.

Vanquished Creatures
  Grinder (D:3)
  2 lemures (D:3)
  A necrophage (D:4)
  A hound (D:3)
  3 jellies
  An orc wizard (D:4)
  4 adders
  An ufetubus (D:3)
  4 worms
  2 dart slugs
  6 orcs
  7 ball pythons
  7 bats
  6 endoplasms
  A giant cockroach (D:2)
  8 goblins
  9 hobgoblins
  A quokka (D:1)
  3 frilled lizards
  6 kobolds
  A rat (D:2)
75 creatures vanquished.

Notes
Turn   | Place    | Note
-------+----------+-------------------------------------------
     0 | D:1      | kingofthe the Octopode Conjurer began the quest for the
                  | Orb.
     0 | D:1      | Reached XP level 1. HP: 11/11 MP: 3/3
   173 | D:1      | Reached XP level 2. HP: 17/17 MP: 1/5
   188 | D:1      | Learned a level 2 spell: Searing Ray
   424 | D:1      | Got the Commentary on the Weathered Iceberg
   814 | D:1      | Reached XP level 3. HP: 15/21 MP: 2/6
  1134 | D:2      | Reached XP level 4. HP: 27/27 MP: 1/8
  2420 | D:3      | Reached skill level 1 in Air Magic
  2420 | D:3      | Reached XP level 5. HP: 31/31 MP: 1/9
  2644 | D:3      | Found a faded altar of an unknown god.
  3113 | D:4      | Noticed Pikel
  3113 | D:4      | Noticed a lemure
  3113 | D:4      | Noticed a lemure
  3113 | D:4      | Noticed a lemure
  3113 | D:4      | Noticed a lemure
  3246 | D:3      | Killed a lemure
  3248 | D:3      | HP: 1/31 [goblin/+0 club (2)]
  3581 | D:4      | Reached XP level 6. HP: 36/36 MP: 2/11
  3672 | D:4      | Noticed Grinder
  3750 | D:3      | Paralysed by Grinder for 5 turns
  3759 | D:3      | Killed Grinder
  3760 | D:3      | Reached XP level 7. HP: 23/41 MP: 0/12
  3879 | D:4      | Reached skill level 5 in Stealth
  3879 | D:4      | Reached skill level 5 in Conjurations
  4327 | D:3      | HP: 1/41 [Pikel/+2 whip of freezing (5)]
  4328 | D:3      | Mangled by Pikel

Illustrated notes

Levels and vault maps discovered:
D:1:      tarquinn_simple_flora_water_a, layout_basic, minmay_tripent
D:2:      layout_basic, chequers_big_river
D:3:      layout_basic, hellmonk_ecumenical_altar_inner_sanctum
D:4:      layout_rooms, nicolae_ru_sacrificial_ziggurat,
          nicolae_vehumet_altar_sigil, gammafunk_ghost_arena, uniq_grinder,
          uniq_pikel

Skill      XL: |  1  2  3  4  5  6  7 |
---------------+----------------------+-----
Stealth        | 3 4 5 |  5.0
Spellcasting   | 3 |  3.7
Air Magic      | 1 2 3 |  3.0
Dodging        | 3 4 |  4.1
Conjurations   | 5 |  5.0

Action                     |  1- 3 |  4- 6 |  7- 9 || total
---------------------------+-------+-------+-------++-------
  Melee: Unarmed           |     7 |       |       ||     7
         Constrict         |     2 |     2 |       ||     4
         Tentacles         |     1 |     1 |       ||     2
         Dagger            |       |     4 |       ||     4
   Cast: Magic Dart        |    51 |    80 |    26 ||   157
         Searing Ray       |     1 |    19 |     9 ||    29
 Armour: Skin              |     4 |     1 |       ||     5
  Dodge: Dodged            |    10 |    30 |     9 ||    49
  Block: Other             |       |       |     2 ||     2

Table legend: (Time is in decaauts)
 A = Elapsed time spent in this place.
 B = Non-inter-level travel time spent in this place.
 C = Inter-level travel time spent in this place.
 D = Time resting spent in this place.
 E = Time spent auto-exploring this place.
 F = Levels seen in this place.
 G = Mean time per level.
                   A        B        C        D        E       F      G
               +--------+--------+--------+--------+--------+-----+--------+
         Total |   4348 |   4029 |    319 |    923 |   2540 |   4 | 1087.0 |
       Dungeon |   4348 |   4029 |    319 |    923 |   2540 |   4 | 1087.0 |
               +--------+--------+--------+--------+--------+-----+--------+

Top non-repeatable levels by time:
     D:3: 2081 daAuts
     D:1: 1044 daAuts
     D:2: 943 daAuts
     D:4: 279 daAuts
